 Dungeon Crawl Stone Soup version 0.17.1-3-g152610e (webtiles) character file.

173 ololoev the Chopper (level 5, -9/45 HPs)
             Began as a Demonspawn Fighter on Feb 17, 2016.
             Killed from afar by Blork the orc (11 damage)
             ... with a puff of flame
             ... on level 4 of the Dungeon.
             The game lasted 00:03:40 (537 turns).

ololoev the Chopper (Demonspawn Fighter)             Turns: 537, Time: 00:03:40

Health: -9/45      AC:  9    Str: 17    XL:     5   Next: 28%
Magic:  5/5        EV:  6    Int:  9    God:
Gold:   103        SH:  8    Dex: 13    Spells: 0 memorised, 4 levels left

rFire  . . .     SeeInvis .     a - +0 war axe
rCold  . . .     Clarity  .     b - +0 scale mail
rNeg   . . .     SustAt   .     c - +0 shield
rPois  .         Gourm    .     (no helmet)
rElec  .         Spirit   .     (no cloak)
rCorr  .         Warding  .     (no gloves)
rMut   .         Stasis   .     (no boots)
MR     .....                    (no amulet)
Stlth  ..........               (no ring)
                                (no ring)

@: not resistant to hostile enchantments, extremely unstealthy
A: talons 1, thin metallic scales 1, robust 1
a: no special abilities


Innate Abilities, Weirdness & Mutations

You are partially covered in thin metallic scales (AC +2).
You have sharp toenails.
You are robust (+10% HP).

Inventory:

Hand Weapons
 a - a +0 war axe (weapon)
Armour
 b - a +0 scale mail (worn)
 c - a +0 shield (worn)
Scrolls
 g - a scroll of random uselessness {unknown}
 h - a scroll of enchant armour {unknown}
 i - a scroll of fear {unknown}
 j - a scroll of remove curse {unknown}
 m - a scroll of amnesia {unknown}
 n - a scroll of enchant weapon {unknown}
Comestibles
 e - 2 bread rations
 k - a meat ration


   Skills:
 - Level 3.0 Fighting
 * Level 4.2 Axes
 + Level 3.8 Armour
 - Level 2.6 Shields


You had 4 spell levels left.
You didn't know any spells.


You were on level 4 of the Dungeon.
You were not hungry.

You visited 2 branches of the dungeon, and saw 7 of its levels.

You collected 103 gold pieces.

........
#.######
...Z.#
#..(....
#####
#.......
###>###
#.......
#8...8#
#.....<.
##.....##
#.......
#8...o.8#
...####.#
##.....##
. #.#
#8.@.8#
#.#
#.....#
#.#
#_....._#
#..
##$....##
#..
#8...8#
#.≈
###8###
#§≈ #####
#≈≈ .....
##≈§ #..≈

Notes
Turn   | Place    | Note
--------------------------------------------------------------
     0 | D:1      | ololoev the Demonspawn Fighter began the quest for the Orb.
     0 | D:1      | Reached XP level 1. HP: 18/18 MP: 1/1
   123 | D:2      | Gained mutation: You are partially covered in thin metallic scales (AC +2). [demonic ancestry]
   123 | D:2      | Reached XP level 2. HP: 13/24 MP: 2/2
   209 | D:4      | Found a staircase to the Ecumenical Temple.
   218 | Temple   | Entered the Ecumenical Temple
   280 | D:4      | Reached XP level 3. HP: 16/29 MP: 3/3
   296 | D:5      | Entered Level 5 of the Dungeon
   299 | D:5      | Found a stormy altar of Qazlal.
   350 | D:5      | Reached XP level 4. HP: 8/35 MP: 4/4
   477 | D:5      | Noticed a scorpion
   481 | D:5      | Gained mutation: You are robust (+10% HP). [potion of beneficial mutation]
   482 | D:5      | Gained mutation: You have sharp toenails. [potion of beneficial mutation]
   493 | D:5      | Killed a scorpion
   493 | D:5      | Reached skill level 4 in Axes
   493 | D:5      | Reached XP level 5. HP: 22/45 MP: 5/5
   525 | D:4      | Found a radiant altar of Vehumet.
   525 | D:4      | Found a shadowy altar of Dithmenos.
   525 | D:4      | Noticed Blork the orc
   535 | D:4      | HP: 2/45 [Blork the orc/dire flail (5)]
   537 | D:4      | Killed from afar by Blork the orc

Dungeon Overview and Level Annotations

Branches:
Dungeon (6/15)             Temple (1/1) D:4

Altars:
Cheibriados
Dithmenos
Elyvilon
Kikubaaqudgha
Nemelex Xobeh
Qazlal
Sif Muna
Trog
Vehumet
Lugonu

Annotations:
D:4 Blork the orc


Message History

Blork the orc miscasts a cantrip.
Found a radiant altar of Vehumet and a shadowy altar of Dithmenos.
There is a stone staircase leading down here.
You aren't carrying any items that can be evoked.
Unknown command.
You aren't carrying any potions.
Press: ? - help, v - describe, . - travel
Here: Blork the orc, wielding a dire flail and wearing a glowing robe The floor.
Unknown command.
Unknown command.
Your shield and scale mail prevent you from hitting Blork the orc.
Your kick misses Blork the orc. Blork the orc casts a spell at you.
The puff of frost hits you!
Your shield and scale mail prevent you from hitting Blork the orc.
You claw Blork the orc, but do no damage.
Blork the orc points at you and mumbles some strange words.
The magic dart hits you!
You closely miss Blork the orc. You claw Blork the orc.
Blork the orc is lightly wounded.
Blork the orc hits you but does no damage.
You hit Blork the orc.
Blork the orc is lightly wounded.
Blork the orc hits you with a dire flail.
Blork the orc hits you but does no damage.
You hit Blork the orc but do no damage. Your kick misses Blork the orc.
Blork the orc is lightly wounded.
Blork the orc closely misses you.
You hit Blork the orc.
You claw Blork the orc, but do no damage.
Blork the orc is lightly wounded.
Blork the orc casts a cantrip, but nothing happens.
You block Blork the orc's attack.
Found 20 gold pieces.
Blork the orc hits you with a dire flail.
Unknown command.
Blork the orc gestures at you while chanting.
The puff of flame hits you!
You die...

You could see Blork the orc and a giant gecko skeleton.

Vanquished Creatures
  A scorpion (D:5)
  A giant frog zombie (D:5)
  A centaur zombie (D:5)
  An iguana (D:5)
  An adder (D:3)
  A worm (D:5)
  3 orcs (D:4)
  A goblin (D:3)
  6 jackals
  4 kobolds
  2 quokkas
  2 rats
24 creatures vanquished.

Action                   |  1- 3 |  4- 6 || total
-------------------------+-------+-------++-------
Melee: War axe           |    62 |    25 ||    87
  Use: Potion            |     1 |     3 ||     4

Vault maps used:
D:1:      elethiomel_arrival_fortress_basement, serial_co_window_serial,
          co_window_corner_a, co_window_corner_a, co_window_paths_a,
          co_window_paths_a, co_window_paths_a, co_window_unsneaky_path_a,
          co_window_broadway_a, co_window_2corner, lemuel_old_faithful
D:2:      fedhas_altar_fruit_tree, okawaru_metal_pillars_3, first_bread,
          minmay_newt_pond
D:3:      grunt_temple_overflow_gold_and_silver, nicolae_ru_path_of_blood,
          ecumenical_altar_1, minivault_19
D:4:      nicolae_overflow_hidden_temple, minmay_temple_entry_mist,
          uniq_blork_the_orc
D:5:      nicolae_qazlal_general_emergency, lemuel_coloured_pillars_altar,
          serial_shops, kennysheep_mini_moat, st_stairs_1
D:6:      lemuel_insect_pit, uniq_edmund
Temple:   corrupted_temple
